 Dungeon Crawl Stone Soup version 0.20.0-10-g0535bb4 (webtiles) character file.

46425 MDvedh the Cruncher (level 14, -1/124 HPs)
             Began as a Demonspawn Gladiator on June 5, 2017.
             Was a High Priest of Qazlal.
             Slain by a two-headed ogre
             ... wielding a +0 giant club
              (9 damage)
             ... while paralysed by an orc sorcerer
             ... on level 2 of the Orcish Mines.
             The game lasted 00:27:44 (17461 turns).

MDvedh the Cruncher (Demonspawn Gladiator)         Turns: 17461, Time: 00:27:44

Health: -1/124     AC: 24    Str: 19    XL:     14   Next: 4%
Magic:  23/23      EV:  2    Int: 10    God:    Qazlal [*****.]
Gold:   1109       SH:  0    Dex: 15    Spells: 13/13 levels left

rFire    + + .     SeeInvis .   a - +1 quarterstaff
rCold    + + .     Gourm    .   (shield currently unavailable)
rNeg     . . .     Faith    .   R - +0 ice dragon scales
rPois    .         Spirit   .   (helmet unavailable)
rElec    .         Reflect  .   M - +0 cloak
rCorr    .         Harm     .   p - +1 pair of gloves
MR       +....     Clarity  +   D - +2 pair of boots
Stlth    ..........             (no amulet)
Regen    0.3/turn               i - ring of protection from fire
MPRegen  0.2/turn               n - ring of protection from fire

@: paralysed, protected from physical damage, repel missiles
A: horns 3, yellow scales 2, clarity, demonic guardian 2, fire resistance 1,
mutation resistance 1, robust 1, augmentation 1, subdued magic 1
a: Upheaval, Elemental Force, Disaster Area, Renounce Religion


You were on level 2 of the Orcish Mines.
You worshipped Qazlal.
Qazlal was extremely pleased with you.
You were not hungry.

You visited 3 branches of the dungeon, and saw 19 of its levels.
You also visited: Sewer.

You collected 1446 gold pieces.
You spent 337 gold pieces at shops.

Inventory:

Hand Weapons
 a - a +1 quarterstaff (weapon)
 Q - a +2 scimitar of flaming
Missiles
 d - 3 throwing nets (quivered)
Armour
 p - a +1 pair of gloves (worn)
 D - a +2 pair of boots (worn)
 I - a +2 chain mail of cold resistance
 M - a +0 cloak (worn)
 N - the +5 ring mail of the Moon {Dex+5}
   (You bought it in a shop on level 9 of the Dungeon)

   It affects your dexterity (+5).
 R - +0 ice dragon scales (worn)
Jewellery
 i - a ring of protection from fire (left hand)
 n - a ring of protection from fire (right hand)
 H - an uncursed ring of flight
 Z - an uncursed ring of ice
Wands
 E - a wand of lightning (15/15)
 J - a wand of polymorph (10/24)
Scrolls
 g - 9 scrolls of teleportation
 k - 2 scrolls of fear
 m - 2 scrolls of magic mapping
 o - 3 scrolls of amnesia
 r - 3 scrolls of fog
 s - 2 scrolls of enchant weapon
 u - 5 scrolls of remove curse
 v - 10 scrolls of identify
 z - a scroll of vulnerability
 F - a scroll of enchant armour
 O - a scroll of summoning
 S - 2 scrolls of blinking
 U - 2 scrolls of recharging
Potions
 b - 3 potions of lignification {unknown}
 c - 4 potions of agility {unknown}
 e - 8 potions of flight {unknown}
 h - 7 potions of curing
 j - a potion of magic {unknown}
 l - 5 potions of heal wounds
 t - a potion of cancellation {unknown}
 x - 3 potions of invisibility {unknown}
 A - 3 potions of brilliance
 B - a potion of mutation
 G - 3 potions of haste {unknown}
 L - 3 potions of might {unknown}
 Y - 2 potions of ambrosia {unknown}
Miscellaneous
 K - 2 sacks of spiders
Comestibles
 f - 9 bread rations
 q - 9 royal jellies
 w - 22 fruits
 C - 11 meat rations


   Skills:
 + Level 11.2 Fighting
 * Level 14.7 Staves
 - Level 1.7 Throwing
 + Level 6.7 Armour
 + Level 8.6 Dodging
 - Level 12.4 Invocations


You had 13 spell levels left.
You didn't know any spells.

Dungeon Overview and Level Annotations

Branches:
Dungeon (11/15)            Temple (0/1) D:6            Lair (6/6) D:11
  Swamp (0/4) Lair:3        Snake (0/4) Lair:3        Slime (0/5) Lair:5
    Orc (2/2) D:11            Elf (0/3) Orc:2

Altars:
Dithmenos
Hepliaklqana
Qazlal
Sif Muna
Vehumet
Xom

Shops:
D:4 *   D:9 [   D:10 [[}

Annotations:
D:6 exclusion: statue
Lair:4 exclusion: oklob plant


Innate Abilities, Weirdness & Mutations

You have a pair of large horns on your head.
You are mostly covered in yellow scales. (AC +3)
A demonic guardian rushes to your aid.
Your flesh is heat resistant. (rF+)
Your magical and physical power is slightly enhanced at high health.
You possess an exceptional clarity of mind.
You are somewhat resistant to further mutation.
You are robust. (+10% HP)
Your spells are a little easier to cast, but a little less powerful.


Message History

An ogre comes into view. It is wielding a giant spiked club.
The ogre is engulfed in blazing flames.
The ogre hits your ice devil with a giant spiked club!
Your ice devil dies!
The two-headed ogre is engulfed in freezing vapours.
The two-headed ogre hits you with a giant club! x2
* * * LOW HITPOINT WARNING * * *
The two-headed ogre hits you with a giant spiked club!
* * * LOW HITPOINT WARNING * * *
You feel more protected from physical attacks.
The two-headed ogre hits you with a giant club!
* * * LOW HITPOINT WARNING * * *
The orc sorcerer hits you but does no damage.
You hear a shout!
The ogre is engulfed in blazing flames.
You kill the ogre!
Qazlal accepts your kill.
The orc sorcerer hits you but does no damage.
The two-headed ogre hits you with a giant club!
You die...

... #..... ....#
#........h. .....#
##.........#
....##...........
.. OO#O...........#
....#OOo.........##
..
.....O§§(....)....#
#.... #COo).[.....#
.....
##@)[....)..##.o...
#O.§)....(.o...>...
##.###)$...)h......
### #.#...........
###.)(Eo......
#.T.........
#.#3<.......
####......##
.....###


You could see 2 two-headed ogres, a cyclops, an orc sorcerer, 6 ogres and an
orc.

Vanquished Creatures
  An orc warlord (Orc:1)
  7 two-headed ogres
  An anaconda (Lair:6)
  Erica (Lair:1)
  3 death yaks
  An ogre mage (Orc:2)
  A deep troll (Orc:1)
  Pikel (D:6)
  An orc knight (Orc:1)
  2 ugly things
  4 black mambas
  An elephant (Lair:6)
  A torpor snail (Lair:3)
  4 spiny frogs
  3 rime drakes
  5 komodo dragons
  7 trolls
  Prince Ribbit (D:5)
  9 hippogriffs
  6 dream sheep (Lair:6)
  5 blink frogs (Lair:4)
  2 shadows (D:11)
  A vampire (D:11)
  19 yaks
  2 hogs (D:9)
  A wyvern (D:11)
  A human (D:9)
  2 basilisks
  A steam dragon (D:10)
  5 vampire mosquitoes (Lair:3)
  2 hungry ghosts
  Menkaure (D:5)
  3 wargs
  14 water moccasins
  11 porcupines
  2 ice beasts
  4 sky beasts
  13 ogres
  7 orc warriors
  A black bear (Lair:2)
  A slave (D:6)
  An eye of draining (D:9)
  14 wolves
  3 centaurs
  2 phantoms
  7 crocodiles
  2 big kobolds
  14 bullfrogs
  Blork the orc (D:6)
  A water moccasin zombie (D:6)
  A wyvern skeleton (D:10)
  A scorpion (D:6)
  A water moccasin skeleton (D:5)
  6 killer bees (D:11)
  3 wights (D:9)
  7 howler monkeys
  2 electric eels
  3 crimson imps
  2 jellies
  7 orc priests
  A bullfrog skeleton (D:5)
  10 hounds
  3 centaur skeletons
  Ijyb (D:3)
  4 iguanas
  3 worker ants
  11 orc wizards
  A killer bee zombie (D:10)
  A hound zombie (D:6)
  A hound skeleton (D:4)
  A howler monkey zombie (D:11)
  A howler monkey skeleton (D:4)
  13 adders
  A shadow imp (D:10)
  2 worms (D:2)
  3 dart slugs
  10 leopard geckos
  35 orcs
  7 giant cockroaches
  12 goblins
  3 hobgoblins
  20 jackals
  14 kobolds
  2 quokkas
  4 ball pythons
  10 bats
  7 frilled lizards
  A giant cockroach zombie (D:5)
  A leopard gecko zombie (D:7)
  7 rats
  A butterfly (Lair:2)
  4 plants (Lair:6)
431 creatures vanquished.

Vanquished Creatures (collateral kills)
  2 dire elephants (Lair:6)
  3 hydras
  A centaur warrior (D:10)
  An ice dragon (Lair:3)
  3 death yaks
  A deep troll (Orc:1)
  A cyclops (Orc:2)
  A manticore (D:10)
  A guardian serpent (Lair:3)
  3 elephants (Lair:6)
  2 trolls
  3 blink frogs (Lair:4)
  A dream sheep (Lair:6)
  2 basilisks
  8 yaks
  A hog (D:9)
  A warg (Orc:1)
  2 water moccasins
  3 porcupines
  Purgy (Sewer)
  An orc warrior (Orc:2)
  3 wolves
  An ogre (Orc:1)
  A necrophage (D:10)
  2 crocodiles
  3 bullfrogs
  An orc wizard (D:4)
  A hound zombie (D:5)
  4 orcs
  A fungus (Lair:6)
59 creatures vanquished.

Vanquished Creatures (others)
  An ogre (Orc:2)
  3 fungi
  3 plants
7 creatures vanquished.

Grand Total: 497 creatures vanquished

Notes
Turn   | Place    | Note
-------+----------+-------------------------------------------
     0 | D:1      | MDvedh the Demonspawn Gladiator began the quest for the Orb.
     0 | D:1      | Reached XP level 1. HP: 16/16 MP: 1/1
    62 | D:1      | Reached skill level 3 in Staves
   101 | D:1      | Gained mutation: A weak demonic guardian rushes to your aid. [demonic ancestry]
   101 | D:1      | Reached XP level 2. HP: 19/22 MP: 2/2
   285 | D:1      | Gained mutation: You are partially covered in yellow scales. (AC +2) [demonic ancestry]
   285 | D:1      | Reached XP level 3. HP: 15/27 MP: 3/3
   596 | D:2      | Reached skill level 4 in Staves
   912 | D:2      | Found a stormy altar of Qazlal.
   913 | D:2      | Noticed a water elemental
   915 | D:2      | Noticed a fire elemental
   915 | D:2      | Noticed an air elemental
   915 | D:2      | Noticed an earth elemental
   941 | D:2      | Became a worshipper of Qazlal Stormbringer
  1077 | D:2      | Found a hazy altar of Hepliaklqana.
  1257 | D:3      | Gained mutation: You have a pair of small horns on your head. [demonic ancestry]
  1257 | D:3      | Reached XP level 4. HP: 26/33 MP: 4/4
  1436 | D:3      | Noticed Ijyb
  1487 | D:3      | Killed Ijyb
  1728 | D:3      | Reached skill level 5 in Staves
  2241 | D:4      | Reached XP level 5. HP: 38/38 MP: 5/5
  2269 | D:4      | Noticed an ogre
  2281 | D:4      | Reached * piety under Qazlal
  2301 | D:4      | Killed an ogre
  2301 | D:4      | Reached skill level 1 in Armour
  2489 | D:4      | Gained mutation: You are mostly covered in yellow scales. (AC +3) [demonic ancestry]
  2489 | D:4      | Reached XP level 6. HP: 46/46 MP: 6/6
  2779 | D:4      | Found Orcham's Elemental Accessories.
  2784 | D:4      | Reached skill level 6 in Staves
  2888 | D:4      | Bought a wand of lightning (9/15) for 130 gold pieces
  3457 | D:5      | Entered Level 5 of the Dungeon
  3585 | D:5      | Gained mutation: You have a pair of horns on your head. [demonic ancestry]
  3585 | D:5      | Reached XP level 7. HP: 34/52 MP: 7/7
  3723 | D:5      | Noticed Prince Ribbit
  3749 | D:5      | Killed Prince Ribbit
  3973 | D:5      | Reached skill level 7 in Staves
  4253 | D:5      | Noticed Menkaure
  4263 | D:5      | Killed Menkaure
  4546 | D:6      | Noticed Blork the orc
  4558 | D:6      | Killed Blork the orc
  4558 | D:6      | Reached ** piety under Qazlal
  4558 | D:6      | Reached XP level 8. HP: 61/61 MP: 8/8
  4594 | D:6      | Found a glowing drain.
  4611 | Sewer    | Entered a sewer
  4663 | Sewer    | Noticed Purgy
  4670 | Sewer    | Killed Purgy
  4670 | Sewer    | Reached skill level 1 in Invocations
  4779 | D:6      | Gained mutation: You are robust. (+10% HP) [potion of mutation]
  4779 | D:6      | Gained mutation: You possess an exceptional clarity of mind. [potion of mutation]
  4779 | D:6      | Gained mutation: You are somewhat resistant to further mutation. [potion of mutation]
  5057 | D:6      | Found a shimmering altar of Xom.
  5069 | D:6      | Reached skill level 5 in Fighting
  5087 | D:6      | Found a staircase to the Ecumenical Temple.
  5131 | D:6      | Noticed Pikel
  5147 | D:6      | Killed Pikel
  5147 | D:6      | Reached skill level 8 in Staves
  5234 | D:6      | Reached XP level 9. HP: 74/74 MP: 11/11
  5236 | D:6      | Found a radiant altar of Vehumet.
  5832 | D:7      | Reached skill level 5 in Invocations
  5998 | D:7      | Reached skill level 9 in Staves
  6099 | D:7      | Reached *** piety under Qazlal
  6099 | D:7      | Reached skill level 5 in Armour
  6472 | D:8      | Found a deep blue altar of Sif Muna.
  6844 | D:9      | Found a shadowy altar of Dithmenos.
  6965 | D:9      | Noticed a cyan ugly thing
  6978 | D:9      | Killed a cyan ugly thing
  6978 | D:9      | Gained mutation: You have a pair of large horns on your head. [demonic ancestry]
  6978 | D:9      | Reached XP level 10. HP: 64/84 MP: 14/14
  7119 | D:9      | Reached **** piety under Qazlal
  7119 | D:9      | Reached skill level 10 in Staves
  7243 | D:9      | Found Miulenk's Antique Armour Boutique.
  7248 | D:9      | Bought a jewelled ring mail for 207 gold pieces
  7425 | D:9      | Identified the +5 ring mail of the Moon {Dex+5} (You bought it in a shop on level 9 of the Dungeon)
  7477 | D:10     | Entered Level 10 of the Dungeon
  7502 | D:10     | Found Xonweschuwn's Antique Armour Shoppe.
  7646 | D:10     | Found Nopruihe's Antique Armour Boutique.
  7651 | D:10     | Noticed a centaur warrior
  7655 | D:10     | Noticed a manticore
  7663 | D:10     | Killed a centaur warrior
  7667 | D:10     | Killed a manticore
  7848 | D:10     | Found Unta's Gadget Emporium.
  8158 | D:11     | Reached skill level 11 in Staves
  8176 | D:11     | Gained mutation: A demonic guardian rushes to your aid. [demonic ancestry]
  8176 | D:11     | Reached XP level 11. HP: 93/93 MP: 17/17
  8187 | D:11     | Noticed a purple ugly thing
  8195 | D:11     | Killed a purple ugly thing
  8200 | D:11     | Gained mutation: Your spells are a little easier to cast, but a little less powerful. [mutagenic meat]
  8307 | D:11     | Found a staircase to the Lair.
  8320 | D:11     | Noticed a two-headed ogre
  8330 | D:11     | Killed a two-headed ogre
  9119 | D:11     | Found a staircase to the Orcish Mines.
  9219 | Lair:1   | Entered Level 1 of the Lair of Beasts
  9223 | Lair:1   | Noticed Erica
  9442 | Lair:1   | Killed Erica
 10364 | Lair:1   | Reached skill level 5 in Dodging
 10447 | Lair:2   | Reached ***** piety under Qazlal
 10486 | Lair:2   | Noticed a death yak
 10505 | Lair:2   | Killed a death yak
 10505 | Lair:2   | Reached skill level 12 in Staves
 10892 | Lair:2   | Reached skill level 10 in Invocations
 11027 | Lair:2   | Gained mutation: Your magical and physical power is slightly enhanced at high health. [demonic ancestry]
 11027 | Lair:2   | Reached XP level 12. HP: 95/104 MP: 19/19
 11857 | Lair:3   | Found a staircase to the Swamp.
 11979 | Lair:3   | Found a staircase to the Snake Pit.
 12265 | Lair:3   | Noticed an ice dragon
 12277 | Lair:3   | Killed an ice dragon
 12320 | Lair:3   | Noticed a death yak
 12323 | Lair:3   | Noticed a death yak
 12327 | Lair:3   | Killed a death yak
 12331 | Lair:3   | Killed a death yak
 12485 | Lair:4   | Noticed a seven-headed hydra
 12507 | Lair:3   | Killed a seven-headed hydra
 12507 | Lair:3   | Reached skill level 13 in Staves
 12651 | Lair:3   | Noticed a six-headed hydra
 12655 | Lair:3   | Killed a six-headed hydra
 12790 | Lair:4   | Noticed a death yak
 12799 | Lair:4   | Noticed a death yak
 12799 | Lair:4   | Noticed a death yak
 12806 | Lair:4   | Killed a death yak
 12819 | Lair:3   | Killed a death yak
 12828 | Lair:3   | Killed a death yak
 13006 | Lair:4   | Reached skill level 10 in Fighting
 13710 | Lair:4   | Reached XP level 13. HP: 113/113 MP: 21/21
 14005 | Lair:5   | Found a staircase to the Slime Pits.
 14191 | Lair:5   | Reached ****** piety under Qazlal
 14623 | Lair:6   | Entered Level 6 of the Lair of Beasts
 15467 | Lair:6   | Reached skill level 14 in Staves
 15584 | Lair:6   | Noticed a dire elephant
 15584 | Lair:6   | Noticed a dire elephant
 15587 | Lair:6   | Noticed a dire elephant
 15779 | Lair:6   | Noticed a dire elephant
 15784 | Lair:6   | Killed a dire elephant
 15795 | Lair:6   | Killed a dire elephant
 15955 | Orc:1    | Entered Level 1 of the Orcish Mines
 16603 | Orc:2    | Entered Level 2 of the Orcish Mines
 16609 | Orc:2    | Found a staircase to the Elven Halls.
 16616 | Orc:2    | Noticed an orc warlord
 17163 | Orc:1    | Gained mutation: Your flesh is heat resistant. (rF+) [demonic ancestry]
 17163 | Orc:1    | Reached XP level 14. HP: 68/124 MP: 17/23
 17187 | Orc:1    | Killed an orc warlord
 17457 | Orc:2    | Paralysed by an orc sorcerer for 6 turns
 17461 | Orc:2    | Slain by a two-headed ogre

Skill      XL: |  1  2  3  4  5  6  7  8  9 10 11 12 13 |
---------------+----------------------------------------+-----
Staves         | 3 4 5 6 7 8 9 11 12 13 14 | 14.7
Armour         | 1 2 3 4 5 6 |  6.7
Fighting       | 3 4 5 6 7 9 10 11 | 11.2
Invocations    | 3 6 8 10 11 12 | 12.4
Dodging        | 4 5 7 8 |  8.6
Throwing       | |  1.7

Action                   |  1- 3 |  4- 6 |  7- 9 | 10-12 | 13-15 || total
-------------------------+-------+-------+-------+-------+-------++-------
Melee: Quarterstaff      |   156 |   172 |   381 |   670 |   299 ||  1678
       Headbutt          |       |    25 |    67 |   187 |    88 ||   367
Invok: Upheaval          |       |       |       |     3 |       ||     3
       Elemental Force   |       |       |       |       |     4 ||     4
       Disaster Area     |       |       |       |       |     2 ||     2
  Use: Scroll            |       |       |    16 |     3 |     4 ||    23
       Potion            |       |       |     1 |     1 |       ||     2
 Stab: Distracted        |       |     1 |     5 |     3 |     1 ||    10
  Eat: Chunk             |     1 |     8 |    11 |    16 |     3 ||    39
       Bread ration      |       |       |     2 |     2 |     2 ||     6
       Royal jelly       |       |       |     1 |     1 |       ||     2
Armor: Leather armour    |    22 |       |       |       |       ||    22
       Plate armour      |    76 |   147 |   133 |       |       ||   356
       Chain mail        |       |       |    69 |    10 |       ||    79
       Ring mail         |       |       |       |   102 |       ||   102
       Ice dragon scales |       |       |       |   146 |    86 ||   232
Dodge: Dodged            |    76 |    41 |    89 |   274 |   114 ||   594
       Deflected         |       |       |       |       |     1 ||     1
Block: Other             |       |     9 |    30 |   159 |    82 ||   280
